 Dungeon Crawl Stone Soup version 0.22-a0-445-g8c8ef71 (webtiles) character file.

191 Gorglomux the Covered (level 5, -4/50 HPs)
             Began as a Deep Dwarf Fighter on June 2, 2018.
             Slain by an ogre
             ... wielding a +0 giant spiked club
              (20 damage)
             ... on level 4 of the Dungeon.
             The game lasted 00:01:06 (731 turns).

Gorglomux the Covered (Deep Dwarf Fighter)           Turns: 731, Time: 00:01:07

Health: -4/50      AC: 12    Str: 20    XL:     5   Next: 42%
Magic:  4/4        EV:  5    Int:  9    God:
Gold:   71         SH:  9    Dex: 12    Spells: 4/4 levels left

rFire    . . .     SeeInvis .   a - +0 war axe
rCold    . . .     Gourm    .   c - +0 shield
rNeg     . . .     Faith    .   o - +0 chain mail
rPois    .         Spirit   .   (no helmet)
rElec    .         Reflect  .   (no cloak)
rCorr    .         Harm     .   l - +0 pair of gloves
MR       .....                  i - +0 pair of boots
Stlth    ..........             (no amulet)
HPRegen  0.00/turn              (no ring)
MPRegen  0.09/turn              (no ring)

@: non-regenerating
A: damage resistance, heal wounds, sense surroundings 1, no regeneration
a: Heal Wounds


You were on level 4 of the Dungeon.
You were not hungry.

You visited 1 branch of the dungeon, and saw 4 of its levels.

You collected 71 gold pieces.

Inventory:

Hand Weapons
 a - a +0 war axe (weapon)
Armour
 c - a +0 shield (worn)
 i - a +0 pair of boots (worn)
 l - a +0 pair of gloves (worn)
 o - a +0 chain mail (worn)
Scrolls
 h - 2 scrolls of identify {unknown}
 m - a scroll of enchant armour {unknown}
 p - a scroll of remove curse {unknown}
Potions
 d - a potion of might
 k - a potion of invisibility {unknown}
 n - a potion of brilliance {unknown}
Comestibles
 f - 3 rations
 j - 14 chunks of flesh


   Skills:
 + Level 3.6 Fighting
 + Level 3.6 Axes
 + Level 4.4 Armour
 + Level 4.3 Shields


You had 4 spell levels left.
You didn't know any spells.
Your spell library was empty.

Dungeon Overview and Level Annotations

Branches:
Dungeon (4/15)
 Temple: D:4-7

Altars:


Innate Abilities, Weirdness & Mutations

You are resistant to damage.
You can heal yourself by infusing magical energy.
You passively map a small area around you.
You do not regenerate.


Message History

You block the ogre's attack!
You are too injured to fight recklessly!!!
Unknown command!
You are too injured to fight recklessly!!!
Your magical essence is drained by the effort!!!
You feel much better!
The ogre hits you with a giant spiked club!
You closely miss the ogre!
The ogre is heavily wounded!
The ogre hits you with a giant spiked club!!!!!!
Your shield and chain mail prevent butt butt hitting the ogre!
The ogre is heavily wounded!
You block the ogre's attack!
You closely miss the ogre!
The ogre is heavily wounded!
The ogre hits you but butts no damage!
You butt the ogre like an onion!
The ogre is heavily wounded!
The ogre hits you with a giant spiked club!!!!!! rip

##############*
* * ,
#.............
,#..[..†.......
, ,
#...O@<.......
##.#####+#####
, ** , , , ,
,,, , , , , ,
,, , , * , , *
, , ,


You could see an ogre.

Vanquished Creatures
  2 orc priests (D:3)
  2 gnolls (D:3)
  7 adders
  An ooze (D:2)
  A worm (D:3)
  2 dart slugs (D:2)
  A leopard gecko (D:2)
  3 orcs (D:3)
  A ball python (D:3)
  2 giant cockroaches
  A goblin (D:3)
  A hobgoblin (D:3)
  4 jackals (D:2)
  4 kobolds
  3 bats (D:2)
  A frilled lizard (D:3)
  5 rats
41 creatures vanquished.

Notes
Turn   | Place    | Note
-------+----------+-------------------------------------------
     0 | D:1      | Gorglomux the Deep Dwarf Fighter began the quest for the Orb.
     0 | D:1      | Reached XP level 1. HP: 20/20 MP: 1/1
   141 | D:2      | Reached XP level 2. HP: 27/27 MP: 2/2
   230 | D:2      | Reached skill level 3 in Fighting
   315 | D:2      | Reached XP level 3. HP: 30/34 MP: 3/3
   404 | D:3      | Reached skill level 3 in Axes
   404 | D:3      | Reached XP level 4. HP: 29/42 MP: 4/4
   535 | D:3      | Reached XP level 5. HP: 24/49 MP: 5/5
   720 | D:4      | Noticed an ogre
   731 | D:4      | Slain by an ogre

Vault maps used:
D:1:      dpeg_arrival_tiny_a, hex_tiny, hangedman_decor_push,
          hangedman_feature_mirror
D:2:      fedhas_altar_3
D:3:      minmay_door_path, first_ration
D:4:      minmay_temple_entry_nine_rooms, serial_shops, shop,
          uniq_blork_the_orc, uniq_ijyb, uniq_grinder, uniq_robin

Skill      XL: |  1  2  3  4 |
---------------+-------------+-----
Fighting       | 3 |  3.6
Axes           | 3 |  3.6
Armour         | 4 |  4.4
Shields        | 4 |  4.3

Action                   |  1- 3 |  4- 6 || total
-------------------------+-------+-------++-------
Melee: War axe           |    79 |    95 ||   174
 Abil: Heal Wounds       |     2 |     2 ||     4
Armor: Scale mail        |    65 |     4 ||    69
       Chain mail        |       |    48 ||    48
Dodge: Dodged            |    32 |    21 ||    53
Block: Shield            |    62 |    64 ||   126

Table legend:
 A = Spawn XP
 B = Non-spawn XP
 C = Spawn XP percentage of total XP
 D = Spawn monster count
 E = Non-spawn monster count
 F = Spawn count percentage of total count
 G = Total turns spent on level
                    A         B        C        D         E        F      G
               +---------+---------+-------+---------+---------+-------+---------
         Total |       0 |     274 |   0.0 |       0 |      41 |   0.0 |   731
               +---------+---------+-------+---------+---------+-------+---------
           D:1 |       0 |       3 |   0.0 |       0 |       2 |   0.0 |    72
           D:2 |       0 |      47 |   0.0 |       0 |      16 |   0.0 |   310
           D:3 |       0 |     222 |   0.0 |       0 |      22 |   0.0 |   338
           D:4 |       0 |       2 |   0.0 |       0 |       1 |   0.0 |    11
               +---------+---------+-------+---------+---------+-------+---------
